 Dungeon Crawl Stone Soup version 0.16.0-8-gd9ae3a8 (webtiles) character file.

208 Sorcv the Sneak (level 6, -9/32 HPs)
             Began as a Kobold Enchanter on Mar 16, 2015.
             Was an Initiate of Ashenzari.
             Mangled by an iguana (13 damage)
             ... on level 4 of the Dungeon.
             The game lasted 00:06:09 (1274 turns).

Sorcv the Sneak (Kobold Enchanter)                  Turns: 1274, Time: 00:06:09

Health: -9/32      AC:  6    Str:  6    XL:     6   Next: 11%
Magic:  0/10       EV: 15    Int: 13    God:    Ashenzari [......]
Gold:   172        SH:  0    Dex: 19    Spells: 2 memorised, 6 levels left

rFire  . . .     SeeInvis +     k - +1 short sword (venom)
rCold  . . .     Clarity  .     b - +1 robe
rNeg   . . .     SustAb   .     (no shield)
rPois  .         Gourm    .     e - +1 helmet
rElec  .         Spirit   .     (no cloak)
rCorr  .         Warding  .     (no gloves)
rMut   .         Stasis   .     (no boots)
MR     .....                    (no amulet)
Stlth  ++++......               (no ring)
                                n - ring of see invisible

@: not resistant to hostile enchantments, stealthy
A: icy blue scales 1, carnivore 3
a: Renounce Religion


You were on level 4 of the Dungeon.
You worshipped Ashenzari.
Ashenzari was noncommittal.
You were not hungry.

You visited 1 branch of the dungeon, and saw 4 of its levels.

You collected 172 gold pieces.

Inventory:

Hand weapons
 a - a +1 dagger
 k - a +1 short sword of venom (weapon)
Armour
 b - a +1 robe (worn)
 e - a +1 helmet (worn)
Jewellery
 n - a ring of see invisible (left hand)
Scrolls
 h - 2 scrolls of remove curse
 i - a scroll of recharging {unknown}
Potions
 g - a potion of cancellation
Books
 c - a book of Maledictions

   Spells                             Type                      Level
   a - Corona                         Hexes                        1
   b - Sure Blade                     Hexes/Charms                 2
   c - Ensorcelled Hibernation        Hexes/Ice                    2
   d - Confuse                        Hexes                        3
   e - Dazzling Spray                 Conjuration/Hexes            3
   f - Enslavement                    Hexes                        4
Comestibles
 d - 3 meat rations
 f - a beef jerky
 l - a slice of pizza


   Skills:
 - Level 1.3 Short Blades
 - Level 2.4 Dodging
 * Level 7.6 Stealth
 - Level 2.0 Spellcasting
 + Level 4.2 Hexes
 - Level 1.0 Ice Magic


You had 6 spell levels left.
You knew the following spells:

 Your Spells              Type           Power        Failure   Level  Hunger
a - Corona                Hex            ##.....      6%          1    ##.....
b - Ensorcelled Hibernat  Hex/Ice        #.....       14%         2    ###....


Dungeon Overview and Level Annotations

Branches:
Dungeon (4/15)
 Temple: D:4-7

Altars:
Ashenzari
Gozag

Shops:
D:3 *

Portals:
Sewer: D:4


Innate Abilities, Weirdness & Mutations

You are small and have problems with some larger weapons.
You are carnivorous and can eat meat at any time.
You are partially covered in icy blue scales (AC +1).


Message History

Aiming: Ensorcelled Hibernation
Press: ? - help, Shift-Dir - straight line, f/p - iguana
Aim: an iguana (chance 49%)
The iguana resists with some effort.
The iguana barely misses you.
Casting: Ensorcelled Hibernation
Confirm with . or Enter, or press ? or * to list all spells.
Aiming: Ensorcelled Hibernation
Press: ? - help, Shift-Dir - straight line, f/p - iguana
Aim: an iguana (chance 49%)
The iguana resists with some effort.
The iguana bites you but does no damage.
Casting: Ensorcelled Hibernation
Confirm with . or Enter, or press ? or * to list all spells.
Aiming: Ensorcelled Hibernation
Press: ? - help, Shift-Dir - straight line, f/p - iguana
Aim: an iguana (chance 49%)
The iguana resists with some effort.
The iguana bites you!
* * * LOW HITPOINT WARNING * * *
You closely miss the iguana. The iguana bites you!
You die...

#############
##.#..@ls.†..#
##....#######..≈≈≈s#
#.##.....# .≈≈s≈
#........# s≈≈≈
######.### ≈≈S #.# .
#.# ##'## ##...##
###


You could see an iguana and a giant cockroach.

Vanquished Creatures
  A centaur (D:3)
  A worker ant (D:4)
  5 adders
  A giant mite (D:4)
  3 giant geckos
  2 orcs (D:3)
  5 bats
  2 giant cockroaches
  3 goblins
  5 hobgoblins
  2 jackals (D:1)
  3 giant newts
  4 kobolds
  8 rats
45 creatures vanquished.

Notes
Turn   | Place    | Note
--------------------------------------------------------------
     0 | D:1      | Sorcv, the Kobold Enchanter, began the quest for the Orb.
     0 | D:1      | Reached XP level 1. HP: 10/10 MP: 3/3
   247 | D:1      | Reached XP level 2. HP: 10/15 MP: 4/4
   447 | D:1      | Reached skill level 5 in Stealth
   453 | D:1      | Learned a level 2 spell: Ensorcelled Hibernation
   482 | D:2      | Reached XP level 3. HP: 19/19 MP: 6/6
   662 | D:2      | Found a shattered altar of Ashenzari.
   674 | D:2      | Reached XP level 4. HP: 18/24 MP: 7/7
   678 | D:2      | Became a worshipper of Ashenzari the Shackled
   860 | D:3      | Reached skill level 1 in Ice Magic
   933 | D:3      | Found an opulent altar of Gozag.
   937 | D:3      | Found Gozag's Platinum Reserve.
   959 | D:3      | Reached skill level 6 in Stealth
  1172 | D:3      | Noticed a centaur
  1179 | D:3      | Gained mutation: You are partially covered in icy blue scales (AC +1). [potion of beneficial mutation]
  1184 | D:3      | Killed a centaur
  1184 | D:3      | Reached skill level 7 in Stealth
  1184 | D:3      | Reached XP level 5. HP: 4/28 MP: 1/9
  1234 | D:4      | Reached XP level 6. HP: 10/32 MP: 7/10
  1255 | D:4      | Found a glowing drain.
  1274 | D:4      | Mangled by an iguana

Action                   |  1- 3 |  4- 6 || total
-------------------------+-------+-------++-------
Melee: Dagger            |    46 |       ||    46
       Short sword       |    11 |    31 ||    42
 Cast: Ensorcelled Hiber |       |     9 ||     9
  Use: Scroll            |       |     4 ||     4
       Potion            |       |     2 ||     2
 Stab: Sleeping          |     6 |     5 ||    11
  Eat: Chunk             |       |     2 ||     2
